 Dungeon Crawl Stone Soup version 0.18.1-5-g4a78601 (webtiles) character file.

242 Zhenya25pyc the Shield-Bearer (level 6, -11/38 HPs)
             Began as a Gargoyle Fighter on May 14, 2016.
             Was an Initiate of Okawaru.
             Killed by divine providence
             ... invoked by an orc priest
              (13 damage)
             ... on level 3 of the Dungeon.
             The game lasted 00:04:42 (2034 turns).

Zhenya25pyc the Shield-Bearer (Gargoyle Fighter)    Turns: 2034, Time: 00:04:43

Health: -11/38     AC: 12    Str: 20    XL:     6   Next: 9%
Magic:  6/6        EV:  7    Int:  9    God:    Okawaru [......]
Gold:   132        SH:  9    Dex: 10    Spells: 0 memorised, 5 levels left

rFire  . . .     SeeInvis +     a - +0 flail
rCold  . . .     Gourm    .     b - +0 scale mail
rNeg   + . .     Faith    .     c - +0 shield
rPois  ∞         Spirit   .     v - +0 helmet
rElec  +         Dismiss  .     (no cloak)
rCorr  .         Reflect  .     (no gloves)
SustAt .         Harm     .     (no boots)
MR     .....                    (no amulet)
Stlth  ..........               (no ring)
                                m - ring of see invisible

@: not resistant to hostile enchantments, extremely unstealthy
A: negative energy resistance 1, electricity resistance, unbreathing,
petrification resistance, rot immunity, AC +4
a: Renounce Religion


You were on level 3 of the Dungeon.
You worshipped Okawaru.
Okawaru was noncommittal.
You were hungry.

You visited 1 branch of the dungeon, and saw 3 of its levels.

You collected 132 gold pieces.

Inventory:

Hand Weapons
 a - a +0 flail (weapon)
Armour
 b - a +0 scale mail (worn)
 c - a +0 shield (worn)
 v - a +0 helmet (worn)
Jewellery
 m - a ring of see invisible (left hand)
Scrolls
 e - a scroll of fear {unknown}
 h - 3 scrolls of identify {unknown}
 i - 5 scrolls of remove curse {unknown}
 n - a scroll of magic mapping {unknown}
 o - a scroll of enchant armour {unknown}
 r - 2 scrolls of teleportation {unknown}
 s - a scroll of blinking {unknown}
Potions
 d - a potion of might
 g - 3 potions of haste {unknown}
 k - a potion of brilliance {unknown}
 p - a potion of flight {unknown}
 q - 2 potions of curing
Comestibles
 f - 4 bread rations
 j - 2 beef jerkies
 l - a meat ration
 t - 4 fruits


   Skills:
 + Level 4.1 Fighting
 * Level 4.3 Maces & Flails
 + Level 4.1 Armour
 + Level 4.4 Shields


You had 5 spell levels left.
You didn't know any spells.

Dungeon Overview and Level Annotations

Branches:
Dungeon (3/15)

Altars:
Okawaru


Innate Abilities, Weirdness & Mutations

You are resistant to torment.
Your stone body is resilient (AC +4).
You are immune to poison.
You resist negative energy.
You are resistant to electric shocks.
You can survive without breathing.
You are immune to petrification.
You are immune to rotting.


Message History

You hit the kobold.
You kill the kobold!
Okawaru accepts your kill. The goblin hits you but does no damage.
You closely miss the goblin. You block the goblin's attack.
You closely miss the goblin. The goblin barely misses you.
You closely miss the goblin. The goblin hits you but does no damage.
The orc priest calls down the wrath of Beogh upon you.
Beogh smites you!
* * * LOW HITPOINT WARNING * * *
You hear a shout! x2
You hit the goblin but do no damage. You block the goblin's attack.
You sock the goblin!
You kill the goblin!
Okawaru accepts your kill.
Okay, then.
You hit the kobold but do no damage.
The orc priest mumbles some strange prayers to Beogh against you.
Beogh smites you!
You die...

######### .........
...# #. ....o ....
.. ...# #..# #.
#..# #..# #. #..#
#..# #.###.###.o###
#o.###
#.....@Kao...#
#....#
#...#.###o...#
#.K#.## #. #.
#....# #.(#.#. #.
#....# #..(...
#.###....####..#.#.
........(...K.o....
.......a......(#.#.
######..#######.###
#..# #.#


You could see a worker ant, an orc priest, 2 orcs and a kobold.

Vanquished Creatures
  An ogre (D:3)
  Ijyb (D:2)
  Terence (D:2)
  Robin (D:2)
  3 adders
  2 dart slugs
  2 giant geckos
  2 orcs (D:3)
  9 bats
  A giant cockroach (D:1)
  12 goblins
  9 hobgoblins
  7 kobolds
  2 ball pythons
  5 giant newts
  6 rats
64 creatures vanquished.

Notes
Turn   | Place    | Note
--------------------------------------------------------------
     0 | D:1      | Zhenya25pyc the Gargoyle Fighter began the quest for the Orb.
     0 | D:1      | Reached XP level 1. HP: 14/14 MP: 1/1
   135 | D:1      | Reached XP level 2. HP: 17/19 MP: 2/2
   527 | D:2      | Found an iron altar of Okawaru.
   545 | D:2      | Became a worshipper of Warmaster Okawaru
   603 | D:2      | Reached XP level 3. HP: 23/23 MP: 3/3
   816 | D:2      | Noticed Ijyb
   844 | D:2      | Killed Ijyb
   898 | D:2      | Reached XP level 4. HP: 26/29 MP: 4/4
   989 | D:2      | Noticed Terence
   997 | D:2      | Killed Terence
  1100 | D:2      | Noticed Robin
  1142 | D:2      | Killed Robin
  1455 | D:2      | Reached XP level 5. HP: 33/33 MP: 5/5
  1692 | D:3      | Noticed an ogre
  1701 | D:3      | Killed an ogre
  1914 | D:3      | Reached XP level 6. HP: 38/38 MP: 6/6
  1978 | D:3      | Noticed a phantom
  2031 | D:3      | HP: 1/38 [orc priest/divine providence (9)]
  2034 | D:3      | Killed from afar by an orc priest

Skill      XL: |  1  2  3  4  5 |
---------------+----------------+-----
Maces & Flails | 3 4 |  4.3
Shields        | 4 |  4.4
Fighting       | 4 |  4.1
Armour         | 4 |  4.1

Action                   |  1- 3 |  4- 6 || total
-------------------------+-------+-------++-------
Melee: Flail             |   156 |   195 ||   351
  Eat: Chunk             |       |     4 ||     4
Armor: Scale mail        |    91 |    87 ||   178
Dodge: Dodged            |    49 |    71 ||   120
Block: Shield            |   101 |   111 ||   212
